 Dungeon Crawl Stone Soup version 0.27-a0-1384-g1422d76b99 (webtiles) character file.

Game seed: 9496651199076546110

165 tilp the Caller (level 5, -4/41 HPs)
             Began as a Barachi Summoner on June 30, 2021.
             Slain by an iguana (12 damage)
             ... on level 4 of the Dungeon.
             The game lasted 00:09:52 (4292 turns).

tilp the Caller (Barachi Summoner)                  Turns: 4292, Time: 00:09:53

Health: -4/41      AC:  6    Str: 11    XL:     5   Next: 46%
Magic:  2/9        EV: 14    Int: 15    God:
Gold:   80         SH:  0    Dex: 12    Spells: 4/10 levels left

rFire    . . .     SeeInvis .   a - +1 hand axe
rCold    . . .     Faith    .   (no shield)
rNeg     . . .     Spirit   .   n - +0 ring mail
rPois    +         Reflect  .   (no helmet)
rElec    .         Harm     .   m - +0 cloak
rCorr    .         Rampage  .   (no gloves)
Will     .....                  (no boots)
Stlth    +.........             (no amulet)
HPRegen  0.13/turn              h - +4 ring of evasion
MPRegen  0.11/turn              d - ring of poison resistance

@: slow
A: amphibious, slowness 1, strong legs 1, +LOS
a: Hop


You were on level 4 of the Dungeon.
You visited 1 branch of the dungeon, and saw 4 of its levels.

You collected 80 gold pieces.

Inventory:

Hand Weapons
 a - a +1 hand axe (weapon)
 b - a +0 whip
Armour
 e - a +0 cloak
 f - a +0 leather armour
 m - a +0 cloak (worn)
 n - a +0 ring mail (worn)
Jewellery
 d - a ring of poison resistance (right hand)
 h - a +4 ring of evasion (left hand)
 i - a ring of magical power
 j - a ring of flight
Scrolls
 c - 2 scrolls of teleportation
 o - a scroll of identify {unknown}
Potions
 g - a potion of heal wounds {unknown}
 k - a potion of curing {unknown}
 l - 2 potions of attraction {unknown}


   Skills:
 + Level 3.4 Fighting
 + Level 2.7 Dodging
 + Level 2.2 Stealth
 - Level 3.0 Spellcasting
 - Level 6.0 Summonings


You had 4 spell levels left.
You knew the following spells:

 Your Spells              Type           Power      Damage    Failure   Level
a - Summon Small Mammal   Summ           80%        N/A       4%          1
b - Call Imp              Summ           20%        N/A       6%          2
c - Call Canine Familiar  Summ           20%        N/A       12%         3

Your spell library contained the following spells:

 Spells                   Type           Power      Damage    Failure   Level
 Summon Guardian Golem    Hex/Summ       11%        N/A       38%         3
 Foxfire                  Conj/Fire      8%         2x1d4     43%         1
 Magic Dart               Conj           8%         1d3       43%         1
 Searing Ray              Conj           4%         3d3       58%         2
 Summon Ice Beast         Ice/Summ       11%        N/A       80%         4
 Summon Lightning Spire   Summ/Air       11%        N/A       80%         4
 Conjure Flame            Conj/Fire      2%         6-21      82%         3
 Dazzling Flash           Conj/Hex       4%         N/A       82%         3
 Inner Flame              Hex/Fire       2%         N/A       82%         3
 Fulminant Prism          Conj/Hex       1%         3d6       99%         4
 Iskenderun's Mystic Bla  Conj/Tloc      2%         2d3       99%         4
 Sticky Flame             Conj/Fire      2%         2d3       99%         4
 Fireball                 Conj/Fire      1%         3d3       100%        5


Dungeon Overview and Level Annotations

Branches:
Dungeon (4/15)
 Temple: D:4-7

Altars:
Elyvilon

Annotations:
D:3 Ijyb
D:4 exclusion: black bear


Innate Abilities, Weirdness & Mutations

You are amphibious.
You cover ground slowly.
You can hop short distances.
You have an extended range of vision and can be seen from far away.


Message History

The iguana is heavily wounded.
Your hound closely misses the iguana.
The iguana bites you!
You are too injured to fight recklessly!
You are too injured to fight recklessly!
Unknown command.
You are too injured to fight recklessly!
Unknown command.
You hit the iguana but do no damage.
The iguana is heavily wounded.
Your hound bites the iguana but does no damage.
The iguana bites you.
Your crimson imp misses the iguana.
Your hound bites the iguana but does no damage.
The iguana bites you!
* * * LOW HITPOINT WARNING * * *
Your magical contamination has completely faded away.
You hit the iguana but do no damage.
The iguana is heavily wounded.
Your hound bites the iguana but does no damage.
Your crimson imp barely misses the iguana.
Your hound bites the iguana.
The iguana bites your hound!
Your crimson imp hits the iguana but does no damage.
Unknown command.
You hit the iguana.
The iguana is severely wounded.
Your hound barely misses the iguana.
Your hound bites the iguana but does no damage.
The iguana barely misses your hound.
Your crimson imp closely misses the iguana.
Unknown command.
You closely miss the iguana.
The iguana is severely wounded.
Your hound completely misses the iguana.
The iguana bites you.
* * * LOW HITPOINT WARNING * * *
Your crimson imp hits the iguana but does no damage.
Your hound bites the iguana.
You hit the iguana but do no damage.
The iguana is almost dead.
Your hound barely misses the iguana.
The iguana bites you!
You die...

#################
................#
###############.#
..........# #.#
..........#####.##
..............5l@#
..............h..#
.................#
.................#
.................#
.................#
.................#
.................#
.................#


You could see an iguana (ally target), a friendly hound (summoned) and a
friendly crimson imp (summoned).

Vanquished Creatures
  An iguana (D:4)
  2 adders
  A worm (D:3)
  4 ball pythons
  5 bats
  3 endoplasms
  4 giant cockroaches
  4 hobgoblins
  2 kobolds
  2 quokkas
  3 frilled lizards
  4 rats
35 creatures vanquished.

Vanquished Creatures (collateral kills)
  A water moccasin skeleton (D:4)
  A jelly (D:4)
  3 adders
  A worm (D:4)
  A dart slug (D:2)
  An orc (D:4)
  2 endoplasms
  A giant cockroach (D:3)
  2 hobgoblins
  3 quokkas
  A ball python (D:3)
  3 goblins
  5 kobolds
  A rat (D:1)
26 creatures vanquished.

Grand Total: 61 creatures vanquished

Notes
Turn   | Place    | Note
-------+----------+-------------------------------------------
     0 | D:1      | tilp the Barachi Summoner began the quest for the Orb.
     0 | D:1      | Reached XP level 1. HP: 13/13 MP: 3/3
   144 | D:1      | Reached skill level 1 in Fighting
   276 | D:1      | Reached XP level 2. HP: 13/22 MP: 0/5
   395 | D:1      | Learned a level 2 spell: Call Imp
  1448 | D:2      | Found a faded altar of an unknown god.
  2280 | D:2      | Reached XP level 3. HP: 29/29 MP: 6/6
  2299 | D:2      | Learned a level 3 spell: Call Canine Familiar
  2750 | D:3      | Noticed Ijyb
  2796 | D:3      | Reached skill level 5 in Summonings
  2974 | D:3      | Reached XP level 4. HP: 33/35 MP: 2/8
  3543 | D:3      | Found a white marble altar of Elyvilon.
  3869 | D:4      | Reached skill level 6 in Summonings
  3980 | D:4      | Reached XP level 5. HP: 36/41 MP: 9/9
  4173 | D:4      | Noticed a black bear
  4292 | D:4      | Slain by an iguana

Illustrated notes

Levels and vault maps discovered:
D:1:      eino_arrival_water_star, layout_basic, interstate_on_off
D:2:      layout_basic, chequers_ecumenical_altar_island
D:3:      layout_basic, kennysheep_ying_yang, grunt_decor_junction, uniq_ijyb
D:4:      layout_basic

Skill      XL: |  1  2  3  4  5 |
---------------+----------------+-----
Fighting       | 2 3 |  3.4
Summonings     | 5 6 |  6.0
Spellcasting   | 3 |  3.0
Stealth        | 2 |  2.2
Dodging        | |  2.7

Action                   |  1- 3 |  4- 6 || total
-------------------------+-------+-------++-------
Melee: Whip              |    19 |       ||    19
       Hand axe          |    77 |    65 ||   142
 Cast: Summon Small Mamm |    20 |     1 ||    21
       Call Imp          |    18 |    16 ||    34
       Call Canine Famil |       |     3 ||     3
 Abil: Hop               |     2 |     1 ||     3
  Use: Scroll            |     6 |       ||     6
 Stab: Sleeping          |     2 |       ||     2
Armor: Leather armour    |    32 |       ||    32
       Ring mail         |    30 |    15 ||    45
Dodge: Dodged            |    95 |    44 ||   139

Table legend: (Time is in decaauts)
 A = Elapsed time spent in this place.
 B = Non-inter-level travel time spent in this place.
 C = Inter-level travel time spent in this place.
 D = Time resting spent in this place.
 E = Time spent auto-exploring this place.
 F = Levels seen in this place.
 G = Mean time per level.
                   A        B        C        D        E       F      G
               +--------+--------+--------+--------+--------+-----+--------+
         Total |   4750 |   4501 |    249 |    972 |   2777 |   4 | 1187.5 |
       Dungeon |   4750 |   4501 |    249 |    972 |   2777 |   4 | 1187.5 |
               +--------+--------+--------+--------+--------+-----+--------+

Top non-repeatable levels by time:
     D:2: 1583 daAuts
     D:1: 1440 daAuts
     D:3: 1045 daAuts
     D:4: 679 daAuts
